 Dungeon Crawl Stone Soup version 0.27-a0-972-gd1521fd518 (webtiles) character file.

Game seed: 4911991722933871597

647133 robertstho the Conqueror (level 27, -3/273 HPs)
             Began as a Minotaur Berserker on Apr 13, 2021.
             Was the Champion of Trog.
             Slain by a Killer Klown
             ... wielding a +9 club of flaming
              (21 damage)
             ... on level 1 of the Realm of Zot.
             The game lasted 02:07:34 (65142 turns).

robertstho the Conqueror (Minotaur Berserker)      Turns: 65142, Time: 02:07:34

Health: -3/273     AC: 53    Str: 40    XL:     27
Magic:  22/22      EV: 13    Int:  5    God:    Trog [******]
Gold:   8571       SH:  5    Dex: 20    Spells: 26/26 levels left

rFire    + + .     SeeInvis .   e - +1 executioner's axe (flame)
rCold    + . .     Faith    .   (shield currently unavailable)
rNeg     . . .     Spirit   .   R - +11 gold dragon scales
rPois    +         Reflect  +   T - +0 hat of Happy Babbling {Will+}
rElec    +         Harm     .   w - +2 cloak {rCorr}
rCorr    +         Rampage  .   U - +3 pair of gauntlets of War {Slay+5}
Will     +++++                  Y - +2 pair of boots
Stlth    ..........             m - amulet of reflection
HPRegen  1.00/turn              W - ring of Oxkeihuch {Drain rElec rF+ Str+6 Dex+4}
MPRegen  0.18/turn              Z - ring "Duf Toshriz" {Fire Dex+6}

@: lethally poisoned (-3 -> -4), fire vulnerable, unable to read, on berserk
cooldown, regenerating, studying 2 skills
A: horns 2, retaliatory headbutt, iridescent scales 1, cold resistance 1,
inhibited regeneration, inability to read while threatened
}: 4/15 runes: barnacled, slimy, silver, gossamer
a: Renounce Religion, Berserk, Trog's Hand, Brothers in Arms


You were on level 1 of the Realm of Zot.
You worshipped Trog.
Trog was exalted by your worship.
You visited 11 branches of the dungeon, and saw 51 of its levels.
You visited 1 bazaar.
You also visited: Bailey, Gauntlet, Ice Cave and Volcano.

You collected 8880 gold pieces.
You spent 309 gold pieces at shops.

Inventory:

Hand Weapons
 e - a +1 executioner's axe of flaming (weapon)
 L - the +11 hand axe of Outrage {vorpal, rC++ Dex-3}
   (Trog gifted it to you on level 12 of the Dungeon)

   It inflicts extra damage upon your enemies.
   It affects your dexterity (-3).
   It greatly protects you from cold.
 X - the +0 war axe "Newtbane" {flame, rC- rCorr Int+8 Dex+4}
   (You took it off a minotaur in a Gauntlet)

   It has been specially enchanted to burn those struck by it, causing extra
   injury to most foes and up to half again as much damage against particularly
   susceptible opponents.
   Big, fiery blades are also staple armaments of hydra-hunters.
   It affects your intelligence (+8).
   It affects your dexterity (+4).
   It makes you vulnerable to cold.
   It protects you from acid and corrosion.
Armour
 g - a +2 kite shield
 w - a +2 cloak of preservation (worn)
 R - +11 gold dragon scales (worn)
 T - the +0 hat of Happy Babbling (worn) {Will+}
   (You found it in a Gauntlet)

   It increases your willpower.
 U - the +3 pair of gauntlets of War (worn) {Slay+5}
   (You found it in a Gauntlet)

   It affects your accuracy and damage with ranged weapons and melee attacks
   (+5).
 Y - a +2 pair of boots (worn)
Jewellery
 d - a ring of see invisible
 i - a ring of protection from fire
 l - the ring of Honyt {Ice rElec Will+ Int+3 Dex-2}
   (You found it on level 3 of the Elven Halls)

   [ring of ice]

   It enhances your ice magic.
   It affects your intelligence (+3).
   It affects your dexterity (-2).
   It makes you vulnerable to fire.
   It protects you from cold.
   It insulates you from electricity.
   It increases your willpower.
 m - an amulet of reflection (around neck)
 u - a ring of flight
 y - a ring of resist corrosion
 z - the ring "Ipetopur" {+Blink rElec rCorr Str+7 Dex-2}
   (You found it on level 1 of the Spider Nest)

   [ring of resist corrosion]

   It affects your strength (+7).
   It affects your dexterity (-2).
   It insulates you from electricity.
   It lets you blink.
   It protects you from acid and corrosion.
 C - a ring of poison resistance
 E - the ring of the Tortoise {AC+8}
   (You found it on level 5 of the Vaults)

   [ring of protection]

   It affects your AC (+8).
 G - the ring "Foarghuth" {Ice rCorr Str+4}
   (You found it on level 1 of the Spider Nest)

   [ring of ice]

   It enhances your ice magic.
   It affects your strength (+4).
   It makes you vulnerable to fire.
   It protects you from cold.
   It protects you from acid and corrosion.
 O - the amulet of Fragile Peace {Spirit Int+4 Stlth+}
   (You found it on level 1 of the Spider Nest)

   [amulet of guardian spirit]

   It causes incoming damage to be divided between your reserves of health and
   magic.
   It affects your intelligence (+4).
   It makes you more stealthy.
 V - the ring of the Hare {EV+8}
   (You found it in a Gauntlet)

   [ring of evasion]

   It affects your evasion (+8).
 W - the ring of Oxkeihuch (left hand) {Drain rElec rF+ Str+6 Dex+4}
   (You found it in a Gauntlet)

   [ring of strength]

   It affects your strength (+6).
   It affects your dexterity (+4).
   It protects you from fire.
   It insulates you from electricity.
   It drains your maximum health when unequipped.
 Z - the ring "Duf Toshriz" (right hand) {Fire Dex+6}
   (You found it on level 13 of the Dungeon)

   [ring of fire]

   It enhances your fire magic.
   It affects your dexterity (+6).
   It protects you from fire.
   It makes you vulnerable to cold.
Wands
 a - a wand of mindburst (26)
 s - a wand of digging (19)
 v - a wand of iceblast (40)
 x - a wand of acid (56)
Scrolls
 b - 2 scrolls of silence
 h - 8 scrolls of fear
 j - 28 scrolls of teleportation
 k - 3 scrolls of holy word
 n - 8 scrolls of magic mapping
 q - 7 scrolls of immolation
 r - 7 scrolls of fog
 B - 7 scrolls of blinking
 H - 4 scrolls of summoning
 M - 7 scrolls of enchant weapon
 S - 27 scrolls of identify
Potions
 c - 10 potions of flight
 f - 12 potions of attraction
 o - 2 potions of invisibility
 p - 3 potions of heal wounds
 t - 10 potions of haste
 A - 5 potions of cancellation
 I - 11 potions of might
 J - 2 potions of ambrosia
 K - 4 potions of resistance
 P - 21 potions of curing
 Q - 5 potions of mutation
Miscellaneous
 D - a lightning rod (4/4)
 N - a condenser vane (inert)


   Skills:
 O Level 27 Fighting
 O Level 27 Axes
 + Level 2.0 Staves
 + Level 2.8 Crossbows
 O Level 27 Armour
 + Level 6.5 Dodging
 + Level 3.3 Stealth
 + Level 24.1 Shields
 + Level 0.6 Unarmed Combat
 + Level 2.2 Evocations


You had 26 spell levels left.
You didn't know any spells.
Your spell library was empty.

Dungeon Overview and Level Annotations

Branches:
Dungeon (15/15)            Temple (0/1) D:7            Lair (6/6) D:9
 Shoals (4/4) Lair:4       Spider (4/4) Lair:4        Slime (5/5) Lair:5
    Orc (2/2) D:10            Elf (3/3) Orc:2        Vaults (5/5) D:14
  Crypt (1/3) Vaults:2     Depths (5/5) D:15            Zot (1/5) Depths:5
 Bailey (visited)           IceCv (visited)         Volcano (visited)
Gauntlet (visited)

Altars:
Ashenzari
Cheibriados
Kikubaaqudgha
Nemelex Xobeh
Okawaru
Qazlal
Ru
Vehumet
Wu Jian
Yredelemnul
Zin
The Shining One
Beogh
Jiyva

Shops:
D:3 :   Orc:2 :*[(   Elf:3 ::   Shoals:1 !   Vaults:1 [[*   Vaults:2 [
Vaults:4 [

Portals:
Hell: Depths:1 Depths:2 Depths:3 Depths:4 Depths:5
Abyss: Depths:1 Depths:4 Depths:5
Pandemonium: Depths:3
Ziggurat: Depths:1
Bazaar: Vaults:1

Annotations:
D:9 2 transporters, leviel's ghost, novice MiFi
Depths:4 1 transporter


Innate Abilities, Weirdness & Mutations

You have a pair of horns on your head.
You reflexively headbutt those who attack you in melee.
You are partially covered in iridescent scales. (AC +2)
Your flesh is cold resistant. (rC+)
You do not regenerate when monsters are visible.
You sometimes lose the ability to read scrolls when taking damage.


Message History

Cherry-coloured flames burn away your fire resistance!
* * * LOW HITPOINT WARNING * * *
The Killer Klown wrestles you but does no damage.
You feel much better.
You feel sick. The Killer Klown closely misses you. You furiously retaliate!
You headbutt the Killer Klown.
The Killer Klown blinks!
The Killer Klown strangle-hugs you with a +9 club of flaming!
* * * LOW HITPOINT WARNING * * *
The Killer Klown burns you.
* * * LOW HITPOINT WARNING * * *
The Killer Klown elbows you with a +8 club of venom.
* * * LOW HITPOINT WARNING * * *
The red draconian annihilator points at you and mumbles some strange words.
The poison arrow hits you!!
You are more poisoned.
You partially resist.
* * * LOW HITPOINT WARNING * * *
You cannot read scrolls in your current state!
You hit the Killer Klown. You burn the Killer Klown.
The Killer Klown is severely wounded.
You slash the Killer Klown! You burn the Killer Klown.
You slice the Killer Klown!! You burn the Killer Klown!
* * * LOW HITPOINT WARNING * * *
You feel sick. The Killer Klown pies you viciously!
The klown pie hits you but does no damage.
The Killer Klown closely misses you. You furiously retaliate!
You headbutt the Killer Klown!! You block the Killer Klown's attack.
You feel much better.
You feel very sick.
The Killer Klown headlocks you but does no damage.
The Killer Klown closely misses you. You furiously retaliate!
You headbutt the Killer Klown!
The Killer Klown teases you but does no damage.
Unknown command.
Your skin crawls.
You feel strong-willed.
You feel sick.
The Killer Klown blinks!
The Killer Klown flogs you with a +9 club of flaming!!
You die...

.... ..... . ....
...... .. ...
....... ... ..
......##
...#######y....#
###.#.#.###.....
###.....p.###.../
#.....§@p...##....
#......8.p..^.##..
#..8.......8..##. .
......#.#......## ⌠.
.....#q..#.....##...
....#...............
^.⌠.#.....#.⌠.^.....
..?.#..>$)#.........
§....#...#.....##...


You could see 3 Killer Klowns, a red draconian annihilator and a moth of wrath.

Vanquished Creatures
  Dissolution (Slime:3)
  the Royal Jelly (Slime:5)
  Khufu (Crypt:1)
  3 dread liches
  Mennas (Vaults:4)
  A royal mummy (Crypt:1)
  A juggernaut (Depths:2)
  Boris (thrice) (Vaults:3 Depths:1 Depths:4)
  Margery (Vaults:4)
  Xtahua (Vaults:4)
  Saint Roka (Depths:1)
  2 Killer Klowns (Zot:1)
  5 caustic shrikes
  8 golden dragons
  Nikola (Shoals:1)
  A bone dragon (Depths:5)
  Arachne (Spider:3)
  7 tentacled monstrosities
  Jorgrun (Shoals:2)
  5 liches
  3 deep elf master archers
  2 deep elf blademasters (Elf:3)
  4 quicksilver dragons
  4 titans
  Asterion (Spider:2)
  15 acid blobs
  A kraken (Shoals:4)
  2 death cobs (Zot:1)
  An ancient champion (Crypt:1)
  Kirke (Spider:4)
  8 sphinxes
  Agnes (Spider:2)
  A draconian monk (Depths:5)
  Donald (Shoals:3)
  4 tengu reavers
  4 shadow dragons
  6 storm dragons
  Roxanne (Spider:4)
  9 azure jellies
  The ghost of Raetutio the Tortoise, an adept DsBe of Trog (Spider:2)
  11 rockslimes
  11 frost giants
  Ilsuiw (Shoals:2)
  2 orc warlords
  Aizul (Vaults:4)
  10 fire giants
  3 deep elf sorcerers (Elf:3)
  20 vault wardens
  A frost giant (shapeshifter) (Vaults:5)
  5 ghost moths
  A curse skull (Crypt:1)
  An iron dragon (Vaults:4)
  A draconian shifter (Depths:5)
  2 spriggan defenders (Depths:2)
  A draconian annihilator (Depths:3)
  4 emperor scorpions
  19 very ugly things
  Louise (Spider:4)
  The ghost of Gucockimm the Severer, a journeyman HOWz of Beogh (Spider:1)
  2 deep elf elementalists
  The ghost of killozap the Fighter, a journeyman DsAK of Lugonu (D:12)
  A quicksilver ooze (shapeshifter) (Depths:3)
  18 ironbound preservers
  16 quicksilver oozes
  5 war gargoyles
  The ghost of Pela the Fighter, a journeyman MiBe of Trog (D:13)
  2 lorocyprocas (Depths:3)
  A juggernaut skeleton (Crypt:1)
  A vampire knight (Depths:4)
  11 stone giants
  7 deep elf demonologists
  6 entropy weavers
  The ghost of Lesmeliq the Quickloader, a journeyman HuWn of Dithmenos (Lair:4)
  A red draconian (Depths:5)
  6 dire elephants
  11 deep elf annihilators
  A spark wasp (Spider:4)
  The ghost of Rennog the Severer, a journeyman DDGl of Makhleb (D:12)
  A blizzard demon (D:13)
  A yellow draconian (Depths:5)
  The ghost of Murgh the Cleaver, a journeyman MiBe of Trog (Lair:4)
  A spark wasp (shapeshifter) (Vaults:4)
  A minotaur (Gauntlet)
  A crystal guardian (Vaults:4)
  18 ettins
  Snorg (D:13)
  10 deep elf death magi
  Josephine (D:12)
  7 merfolk impalers
  9 yaktaur captains
  2 merfolk javelineers
  5 fire dragons
  5 deep elf high priests
  39 vault guards
  11 hydras
  A rakshasa (Depths:1)
  Harold (D:7)
  11 great orbs of eyes
  4 boulder beetles
  2 jiangshi (Crypt:1)
  6 ironbound thunderhulks
  2 peacekeepers
  Fannar (D:12)
  4 spriggan air magi
  7 ice dragons
  2 catoblepae
  2 hell beasts (Depths:5)
  2 death knights
  3 anacondas (shapeshifter)
  2 ogre magi (Vaults:5)
  4 merfolk avatars
  10 centaur warriors (Vaults:1)
  A juggernaut simulacrum (Depths:3)
  6 deep troll shamans
  9 ironbound frosthearts
  2 merfolk aquamancers
  An alligator snapping turtle (Shoals:4)
  3 orc high priests
  7 two-headed ogres
  3 satyrs
  36 dancing weapons
  16 deep troll earth magi
  8 tengu warriors
  4 ironbound beastmasters
  2 vampire magi
  The ghost of LuckyCharm the Basher, a journeyman VSBe of Trog (D:12)
  17 hell knights
  2 hell hogs (Depths:5)
  20 deep elf knights
  7 spriggan berserkers
  A sun demon (Depths:5)
  3 soul eaters (Depths:5)
  5 death yaks
  9 iron trolls
  Nergalle (Orc:1)
  A salamander mystic (Volcano)
  11 sea snakes
  18 skeletal warriors
  A swamp dragon (shapeshifter) (Depths:3)
  A golden dragon zombie (Crypt:1)
  A shadow dragon zombie (Depths:2)
  64 deep trolls
  6 glowing orange brains
  14 wizards
  12 deep elf archers
  18 ironbound convokers
  A lindwurm (Vaults:1)
  An obsidian statue (Volcano)
  7 orc knights
  A wolf spider (shapeshifter) (Depths:3)
  5 phantasmal warriors
  25 deep elf pyromancers
  32 harpies
  The ghost of Orlauf the Cleaver, a novice DsGl (D:7)
  15 orb spiders
  45 ugly things
  32 deep elf zephyrmancers
  6 shining eyes
  A shining eye (shapeshifter) (Vaults:5)
  8 necromancers
  3 cyclopes
  25 wolf spiders
  8 manticores
  10 fauns
  18 elephants
  7 orc sorcerers
  A frost giant skeleton (Depths:2)
  3 moths of wrath
  5 ice statues (IceCv)
  A tengu skeleton (Depths:2)
  6 black mambas
  A guardian serpent (shapeshifter) (Depths:3)
  11 merfolk sirens
  Joseph (D:7)
  4 smoke demons (Depths:5)
  19 vault sentinels
  6 water nymphs
  2 torpor snails
  A cane toad (shapeshifter) (D:15)
  Maurice (D:8)
  A water nymph (shapeshifter) (Vaults:2)
  16 cane toads
  An eye of devastation (Slime:3)
  2 gargoyles
  An emperor scorpion zombie (Crypt:1)
  An eye of devastation (shapeshifter) (Vaults:5)
  3 unseen horrors
  10 komodo dragons
  A catoblepas zombie (Crypt:1)
  35 yaktaurs
  Psyche (D:8)
  A kobold demonologist (D:10)
  10 rime drakes
  An efreet (D:14)
  3 freezing wraiths
  4 tengu conjurers
  13 demonic crawlers
  An anaconda simulacrum (IceCv)
  A merfolk (shapeshifter) (Vaults:4)
  20 jumping spiders
  4 trolls
  29 merfolk
  A raiju (shapeshifter) (D:13)
  4 polar bears
  15 hornets
  Prince Ribbit (D:7)
  4 wind drakes
  A fire giant simulacrum (Depths:2)
  18 dream sheep
  11 blink frogs
  A guardian serpent skeleton (Crypt:1)
  A slime creature (shapeshifter) (Depths:3)
  7 centaur simulacra
  104 slime creatures
  5 snapping turtles
  4 shadows
  16 yaks
  A tarantella (shapeshifter) (D:15)
  40 redbacks
  A spriggan (Depths:5)
  19 water elementals
  2 hogs (Spider:4)
  4 wraiths (D:12)
  9 wyverns
  2 air elementals (Elf:1)
  5 fire elementals
  19 tarantellas
  4 basilisks
  2 vampires
  6 fire bats (Volcano)
  A dire elephant simulacrum (IceCv)
  A human (D:14)
  A human simulacrum (Vaults:3)
  2 steam dragons
  3 wargs (D:9)
  10 vampire mosquitoes
  A swamp worm (shapeshifter) (Depths:5)
  2 iron troll simulacra (IceCv)
  Duvessa (D:5)
  4 hydra simulacra (IceCv)
  21 water moccasins
  4 acid dragons
  63 orc warriors
  A meliai simulacrum (D:13)
  7 ice beasts
  2 black bears
  2 ettin simulacra
  3 boggarts (D:15)
  8 ogres
  22 wolves
  9 centaurs
  A kobold brigand (D:7)
  16 bullfrogs
  2 wyvern zombies
  4 earth elementals
  4 gnoll sergeants
  A scorpion (Lair:1)
  Dowan (D:5)
  A glowing shapeshifter simulacrum (Depths:2)
  A water moccasin skeleton (D:6)
  5 killer bees (D:8)
  A polar bear skeleton (Crypt:1)
  8 wights
  3 electric eels
  5 howler monkeys
  7 lava snakes
  5 centaur zombies
  A bullfrog zombie (D:7)
  46 orc priests
  2 hounds
  A hound (shapeshifter) (Depths:3)
  2 jellies
  Crazy Yiuf (D:2)
  5 iguanas
  Natasha (thrice) (D:2)
  12 hell rats
  29 orc wizards
  A felid skeleton (Crypt:1)
  A hound skeleton (D:4)
  2 mummies (Crypt:1)
  A howler monkey zombie (D:9)
  18 gnolls
  13 adders
  A white imp (Vaults:3)
  An iguana skeleton (Crypt:1)
  4 worms
  A dart slug (D:4)
  153 orcs
  8 bats
  7 endoplasms
  4 giant cockroaches
  15 goblins
  7 hobgoblins
  A jackal (D:2)
  10 kobolds
  4 quokkas
  7 ball pythons
  2 ball python zombies
  2 frilled lizards
  5 rats
  A bush (Lair:5)
  14 butterflies (Vaults:1)
  4 tentacles (Shoals:4)
2195 creatures vanquished.

Vanquished Creatures (collateral kills)
  An acid blob (Slime:5)
  Polyphemus (Shoals:2)
  A deep elf sorcerer (Elf:3)
  A fire giant (Depths:2)
  An orc warlord (Orc:2)
  The ghost of gregwegmann the Gelid, a journeyman GrMo of Okawaru (D:12)
  A deep elf demonologist (Elf:3)
  A deep elf annihilator (Elf:3)
  A red draconian (Volcano)
  A deep elf high priest (Elf:3)
  A hydra (Lair:4)
  2 catoblepae
  4 death yaks
  3 orc high priests (Orc:2)
  2 harpies (Shoals:2)
  A deep elf pyromancer (Elf:3)
  2 orc knights (Orc:2)
  2 orc sorcerers (Orc:2)
  A wolf spider (Spider:4)
  3 fauns (Shoals:2)
  3 salamanders (Volcano)
  A merfolk siren (Shoals:2)
  A gargoyle (Gauntlet)
  A molten gargoyle (Gauntlet)
  A komodo dragon (Lair:6)
  A tarantella (Spider:4)
  2 yaks (Lair:6)
  A basilisk (Lair:4)
  A water moccasin (Lair:4)
  8 orc warriors
  3 orc priests (Orc:2)
  4 orc wizards (Orc:2)
  3 orcs (Orc:2)
61 creatures vanquished.

Vanquished Creatures (others)
  2 frost giants (Depths:2)
  A white draconian (Depths:5)
  An ettin (Vaults:5)
  A dancing weapon (Elf:1)
  A wizard (Depths:2)
  A deep elf pyromancer (Elf:1)
  An orb spider (Spider:4)
  A harpy (Shoals:2)
  A guardian serpent (shapeshifter) (Elf:3)
  A merfolk (Shoals:1)
  3 humans (Spider:4)
  2 orc warriors
  A hound (D:7)
  2 orcs (Orc:2)
  2 kobolds (D:7)
  28 fungi
  75 plants
  7 tentacles (Shoals:4)
  6 withered plants
137 creatures vanquished.

Grand Total: 2393 creatures vanquished

Notes
Turn   | Place    | Note
-------+----------+-------------------------------------------
     0 | D:1      | robertstho the Minotaur Berserker began the quest for the
                  | Orb.
     0 | D:1      | Reached XP level 1. HP: 19/19 MP: 0/0
   369 | D:1      | Reached XP level 2. HP: 27/27 MP: 1/1
  1136 | D:2      | Noticed Natasha
  1140 | D:2      | Killed Natasha
  1141 | D:2      | Reached XP level 3. HP: 19/34 MP: 2/2
  1385 | D:2      | Reached XP level 4. HP: 41/41 MP: 3/3
  1566 | D:2      | Reached ** piety under Trog
  1710 | D:2      | Found a runed translucent door.
  1711 | D:2      | Noticed Crazy Yiuf
  2097 | D:2      | Noticed Natasha
  2114 | D:2      | Killed Natasha
  2115 | D:2      | Reached skill level 5 in Fighting
  2179 | D:2      | Found a faded altar of an unknown god.
  2618 | D:3      | Reached XP level 5. HP: 38/48 MP: 4/4
  2835 | D:3      | Reached skill level 5 in Axes
  2992 | D:3      | Found an ornate altar of the Wu Jian Council.
  3163 | D:3      | Found Putatzeg's Book Shoppe.
  3168 | D:3      | Found a radiant altar of Vehumet.
  3579 | D:2      | Noticed Natasha
  3591 | D:2      | Killed Natasha
  3919 | D:2      | Killed Crazy Yiuf
  4032 | D:4      | Reached XP level 6. HP: 56/56 MP: 5/5
  4318 | D:4      | Reached *** piety under Trog
  4892 | D:5      | Entered Level 5 of the Dungeon
  5073 | D:5      | Reached skill level 5 in Armour
  5106 | D:5      | Reached XP level 7. HP: 62/62 MP: 6/6
  5144 | D:5      | Noticed Dowan
  5154 | D:5      | Noticed Duvessa
  5160 | D:5      | Killed Dowan
  5309 | D:5      | Killed Duvessa
  5546 | D:5      | Reached XP level 8. HP: 66/71 MP: 7/7
  5795 | D:6      | Reached skill level 1 in Shields
  5973 | D:6      | HP: 2/109 [electric eel/bolt of electricity (10)]
  6462 | D:6      | Found a basalt altar of Yredelemnul.
  7150 | D:6      | Found a snail-covered altar of Cheibriados.
  7318 | D:7      | Identified the +5 quarterstaff "Tiluinij" {pain, *Rage rN++
                  | Dex+3}
  7586 | D:7      | Reached XP level 9. HP: 79/81 MP: 8/8
  7626 | D:7      | Found a staircase to the Ecumenical Temple.
  7629 | D:7      | Noticed Joseph
  7648 | D:7      | Killed Joseph
  7792 | D:7      | Noticed Prince Ribbit
  7809 | D:7      | Killed Prince Ribbit
  7810 | D:7      | Reached skill level 10 in Axes
  8060 | D:7      | Found a large runed translucent door.
  8060 | D:7      | Found a large runed translucent door.
  8061 | D:7      | Noticed Orlauf's ghost (novice DsGl)
  8196 | D:7      | Noticed Harold
  8213 | D:7      | Killed Harold
  8476 | D:7      | Killed Orlauf's ghost
  8477 | D:7      | Reached skill level 10 in Armour
  8477 | D:7      | Reached skill level 1 in Stealth
  8477 | D:7      | Reached XP level 10. HP: 91/91 MP: 9/9
  8617 | D:8      | Noticed Psyche
  8618 | D:8      | Reached **** piety under Trog
  8631 | D:8      | Killed Psyche
  8703 | D:8      | Identified the +1 robe of Intuition {+Inv Int+2}
  8722 | D:8      | Noticed a two-headed ogre
  8734 | D:8      | Killed a two-headed ogre
  9095 | D:8      | Found a flagged portal.
  9116 | Bailey   | Entered a bailey
  9294 | Bailey   | Reached skill level 10 in Fighting
 10150 | Bailey   | Reached skill level 1 in Crossbows
 10261 | Bailey   | Noticed an orc knight
 10285 | Bailey   | Killed an orc knight
 10286 | Bailey   | Reached skill level 1 in Evocations
 10898 | D:8      | Reached ***** piety under Trog
 10906 | D:8      | Reached XP level 11. HP: 101/101 MP: 10/10
 10927 | D:8      | Noticed Maurice
 10949 | D:8      | Killed Maurice
 11092 | D:8      | Noticed a two-headed ogre
 11098 | D:8      | Killed a two-headed ogre
 11515 | D:9      | Noticed leviel's ghost (novice MiFi)
 11575 | D:9      | Found a staircase to the Lair.
 11773 | D:9      | Found a transporter.
 11795 | D:9      | Found a transporter.
 11995 | D:9      | Reached skill level 5 in Shields
 12003 | D:9      | Received a gift from Trog
 12114 | D:10     | Entered Level 10 of the Dungeon
 12114 | D:10     | Noticed a two-headed ogre
 12121 | D:10     | Killed a two-headed ogre
 12128 | D:10     | Noticed a death knight
 12130 | D:10     | Noticed a red ugly thing
 12142 | D:10     | Killed a red ugly thing
 12197 | D:10     | Killed a death knight
 12328 | D:10     | Found a glowing golden altar of the Shining One.
 12413 | D:10     | Found a staircase to the Orcish Mines.
 12486 | D:10     | Found a glowing golden altar of the Shining One.
 12497 | D:10     | Found a broken altar of Ashenzari.
 12499 | D:10     | Found a sparkling altar of Nemelex Xobeh.
 12579 | D:10     | Identified a scroll of acquirement
 12590 | D:10     | Acquired the +5 plate armour "Xigur" {rPois rN++ Str-2
                  | SInv}
 12642 | D:10     | Found an iron altar of Okawaru.
 12825 | D:10     | Noticed a two-headed ogre
 12832 | D:10     | Killed a two-headed ogre
 12842 | D:10     | Reached XP level 12. HP: 100/112 MP: 11/11
 14052 | D:12     | Noticed Fannar
 14061 | D:12     | Killed Fannar
 14263 | D:12     | Noticed Josephine
 14272 | D:12     | Killed Josephine
 14305 | D:12     | Noticed a death knight
 14315 | D:12     | Killed a death knight
 14374 | D:12     | Noticed a six-headed hydra
 14383 | D:12     | Killed a six-headed hydra
 14583 | D:12     | Found a runed translucent gate.
 14583 | D:12     | Found a runed translucent gate.
 14583 | D:12     | Found a runed translucent gate.
 14584 | D:12     | Noticed gregwegmann's ghost (journeyman GrMo)
 14585 | D:12     | Noticed killozap's ghost (journeyman DsAK)
 14585 | D:12     | Noticed LuckyCharm's ghost (journeyman VSBe)
 14585 | D:12     | Noticed Rennog's ghost (journeyman DDGl)
 14928 | D:12     | Killed LuckyCharm's ghost
 14937 | D:12     | Killed gregwegmann's ghost
 14937 | D:12     | Identified the +11 hand axe of Outrage {vorpal, rC++ Dex-3}
                  | (Trog gifted it to you on level 12 of the Dungeon)
 14937 | D:12     | Received a gift from Trog
 14997 | D:12     | Killed Rennog's ghost
 14998 | D:12     | Reached XP level 13. HP: 122/122 MP: 12/12
 15071 | D:12     | Killed killozap's ghost
 15087 | D:12     | Identified the +6 quarterstaff of the Five Mice {freeze,
                  | rF+ rCorr Str-4}
 15189 | Orc:1    | Entered Level 1 of the Orcish Mines
 15205 | Orc:1    | Reached skill level 15 in Axes
 15276 | Orc:1    | Reached skill level 1 in Staves
 15352 | Orc:1    | Reached skill level 15 in Armour
 15585 | Orc:1    | Noticed Nergalle
 15599 | Orc:1    | Killed Nergalle
 15783 | Orc:2    | Entered Level 2 of the Orcish Mines
 15790 | Orc:2    | Noticed an orc warlord
 15811 | Orc:2    | Killed an orc warlord
 15858 | Orc:2    | Found a staircase to the Elven Halls.
 15933 | Orc:2    | Paralysed by an orc sorcerer for 3 turns
 16186 | Orc:2    | Noticed an orc warlord
 16227 | Orc:2    | Killed an orc warlord
 16264 | Orc:2    | Reached skill level 15 in Fighting
 16264 | Orc:2    | Received a gift from Trog
 16393 | Orc:2    | Found Gedgh's General Store.
 16394 | Orc:2    | Found Suxenes's Book Boutique.
 16396 | Orc:2    | Found Pyhaf's Antique Armour Boutique.
 16396 | Orc:2    | Found Aporyhy's Antique Weapon Shop.
 16412 | Orc:2    | Bought a scroll of identify for 26 gold pieces
 16412 | Orc:2    | Bought a potion of brilliance for 52 gold pieces
 16943 | Lair:1   | Entered Level 1 of the Lair of Beasts
 17057 | Lair:1   | Reached XP level 14. HP: 104/135 MP: 13/13
 17419 | Lair:1   | You fall into a shaft and drop 1 floor!
 17450 | Lair:2   | Identified the +5 short sword of Diumom {venom, Int+3}
 17528 | Lair:2   | Reached ****** piety under Trog
 17528 | Lair:2   | Received a gift from Trog
 17552 | Lair:2   | You fall into a shaft and drop 2 floors!
 17857 | Lair:4   | Found a staircase to the Shoals.
 17951 | Lair:4   | Found a runed translucent gate.
 17951 | Lair:4   | Found a runed translucent gate.
 17952 | Lair:4   | Found a runed translucent gate.
 17994 | Lair:4   | Found a hole to the Spider Nest.
 18046 | Lair:4   | Noticed Murgh's ghost (journeyman MiBe)
 18047 | Lair:4   | Noticed Lesmeliq's ghost (journeyman HuWn)
 18522 | Lair:4   | Killed Murgh's ghost
 18528 | Lair:4   | Killed Lesmeliq's ghost
 19686 | Lair:5   | Found a dark tunnel.
 19743 | Volcano  | Entered a volcano
 19901 | Volcano  | Found a radiant altar of Vehumet.
 20077 | Lair:5   | Received a gift from Trog
 20385 | Lair:5   | Found a viscous altar of Jiyva.
 20386 | Lair:5   | Found a staircase to the Slime Pits.
 20733 | Lair:6   | Entered Level 6 of the Lair of Beasts
 20750 | Lair:6   | Reached XP level 15. HP: 146/146 MP: 14/14
 21090 | Lair:6   | Received a gift from Trog
 22566 | D:13     | Found a gate leading to a gauntlet.
 22578 | Gauntlet | Entered a Gauntlet
 22578 | Gauntlet | Found a transporter.
 22578 | Gauntlet | Found a transporter.
 22587 | Gauntlet | Found a transporter.
 22590 | Gauntlet | Found a transporter.
 22598 | Gauntlet | Found a transporter.
 22602 | Gauntlet | Found a transporter.
 22605 | Gauntlet | Found the +3 pair of gauntlets of War {Slay+5}
 22613 | Gauntlet | Found a transporter.
 22616 | Gauntlet | Found the ring of the Hare {EV+8}
 22626 | Gauntlet | Found a transporter.
 22640 | Gauntlet | Found a transporter.
 22644 | Gauntlet | Found a transporter.
 22655 | Gauntlet | Found a transporter.
 22656 | Gauntlet | Found a transporter.
 22706 | Gauntlet | Identified the +0 hat of Happy Babbling {Will+}
 22816 | Gauntlet | Identified the ring of Oxkeihuch {Drain rElec rF+ Str+6
                  | Dex+4}
 22849 | Gauntlet | Identified the +0 war axe "Newtbane" {flame, rC- rCorr
                  | Int+8 Dex+4}
 22867 | Gauntlet | Identified the Handbook of Toxins and Calling
 22871 | Gauntlet | Identified Finkukk's Catalogue of Burning Calling
 22871 | Gauntlet | Identified the +2 robe "Naonec" {rPois}
 22873 | Gauntlet | Identified the Catalogue of the Voyage
 23002 | D:13     | Found a runed translucent gate.
 23002 | D:13     | Found a runed translucent gate.
 23002 | D:13     | Found a runed translucent gate.
 23309 | D:13     | Noticed Pela's ghost (journeyman MiBe)
 23331 | D:13     | Noticed Snorg
 23338 | D:13     | Killed Snorg
 23582 | D:13     | Killed Pela's ghost
 23601 | D:13     | Identified the ring "Duf Toshriz" {Fire Dex+6}
 23805 | D:14     | Received a gift from Trog
 24182 | D:14     | Reached XP level 16. HP: 150/158 MP: 15/15
 24590 | D:14     | You fall into a shaft and drop 1 floor!
 24590 | D:15     | Entered Level 15 of the Dungeon
 24627 | D:15     | Identified the +7 scale mail "Upituj" {MP+9 Str+2 Dex+4}
 25120 | D:15     | Found a staircase to the Depths.
 25134 | D:15     | Received a gift from Trog
 25432 | D:15     | Found a stormy altar of Qazlal.
 25808 | Spider:1 | Entered Level 1 of the Spider Nest
 26244 | Spider:1 | Found a transporter.
 26356 | Spider:1 | Found a runed translucent gate.
 26356 | Spider:1 | Found a runed translucent gate.
 26356 | Spider:1 | Found a runed translucent gate.
 26359 | Spider:1 | Noticed Gucockimm's ghost (journeyman HOWz)
 26430 | Spider:1 | Found a transporter.
 26549 | Spider:1 | Killed Gucockimm's ghost
 26568 | Spider:1 | Identified the +1 cloak of Weirdness {-Tele rF+ Dex+3}
 27134 | Spider:2 | Noticed Asterion
 27137 | Spider:2 | Noticed an Executioner
 27142 | Spider:2 | Killed Asterion
 27552 | Spider:2 | Found a runed translucent door.
 27554 | Spider:2 | Noticed Raetutio's ghost (adept DsBe)
 27596 | Spider:2 | Noticed Agnes
 27602 | Spider:2 | Killed Agnes
 27602 | Spider:2 | Received a gift from Trog
 27677 | Spider:2 | Killed Raetutio's ghost
 28067 | Spider:3 | Reached XP level 17. HP: 129/170 MP: 16/16
 28188 | Spider:3 | Reached skill level 5 in Dodging
 28818 | Spider:4 | Entered Level 4 of the Spider Nest
 28818 | Spider:4 | Noticed Louise
 28825 | Spider:4 | Noticed Arachne
 28836 | Spider:4 | Killed Louise
 28837 | Spider:4 | Noticed Roxanne
 28856 | Spider:3 | HP: 8/170 [poisoned by Arachne (poison arrow)]
 29313 | Spider:3 | Killed Arachne
 30182 | Spider:4 | Received a gift from Trog
 30282 | Spider:4 | Noticed Kirke
 30298 | Spider:4 | Killed Kirke
 30719 | Spider:4 | Got a gossamer rune of Zot
 30903 | Spider:4 | Killed Roxanne
 31220 | Shoals:1 | Entered Level 1 of the Shoals
 31252 | Shoals:1 | Found Raudd's Distillery.
 31258 | Shoals:1 | Noticed Nikola
 31308 | Shoals:1 | Killed Nikola
 31333 | Shoals:1 | Received a gift from Trog
 31532 | Shoals:1 | Bought a potion of curing for 33 gold pieces
 31532 | Shoals:1 | Bought a potion of resistance for 110 gold pieces
 31532 | Shoals:1 | Bought a potion of cancellation for 88 gold pieces
 32347 | Shoals:2 | Noticed Ilsuiw
 32361 | Shoals:2 | Killed Ilsuiw
 32553 | Shoals:2 | Noticed Polyphemus
 32578 | Shoals:2 | Killed Polyphemus
 32579 | Shoals:2 | Reached XP level 18. HP: 103/182 MP: 17/17
 32615 | Shoals:2 | Noticed Jorgrun
 32907 | Shoals:2 | Killed Jorgrun
 33478 | Shoals:3 | Received a gift from Trog
 33745 | Shoals:3 | Noticed Donald
 33764 | Shoals:3 | Killed Donald
 34314 | Shoals:4 | Entered Level 4 of the Shoals
 34614 | Shoals:4 | Found a frozen archway.
 34630 | IceCv    | Entered an ice cave
 34758 | IceCv    | Reached skill level 10 in Shields
 35355 | Shoals:4 | Received a gift from Trog
 36080 | Shoals:4 | Identified the +9 halberd "Noudad" {distort, *Corrode +Rage
                  | rC+}
 36378 | Shoals:4 | Got a barnacled rune of Zot
 37124 | Elf:1    | Entered Level 1 of the Elven Halls
 37221 | Elf:1    | Received a gift from Trog
 37456 | Elf:1    | Found an ancient bone altar of Kikubaaqudgha.
 37630 | Elf:1    | Reached XP level 19. HP: 184/192 MP: 18/18
 38020 | Elf:2    | Identified the +0 pair of boots "Sieff" {Str+2}
 38392 | Spider:1 | Identified the ring "Foarghuth" {Ice rCorr Str+4}
 38402 | Spider:1 | Identified the ring "Ipetopur" {+Blink rElec rCorr Str+7
                  | Dex-2}
 38412 | Spider:1 | Identified the amulet of Fragile Peace {Spirit Int+4
                  | Stlth+}
 38673 | Elf:2    | Received a gift from Trog
 38679 | Elf:2    | Identified the +4 falchion of Massacring {drain, *Slow
                  | +Rage rPois rF++}
 39068 | Elf:2    | Found a huge runed translucent gate.
 39068 | Elf:2    | Found a huge runed translucent gate.
 39078 | Elf:2    | Found a huge runed translucent gate.
 39117 | Elf:2    | Found a huge runed translucent gate.
 39117 | Elf:2    | Found a huge runed translucent gate.
 39789 | Elf:3    | Entered Level 3 of the Elven Halls
 39790 | Elf:3    | Found Zixiwif's Book Emporium.
 39913 | Elf:3    | Found Ishrol Awekk's One-of-a-Kind Books.
 39950 | Elf:3    | Identified the +9 hand axe "Domib" {vorpal, rElec Int+4}
                  | (Trog gifted it to you on level 3 of the Elven Halls)
 39950 | Elf:3    | Received a gift from Trog
 40151 | Elf:3    | Noticed a Brimstone Fiend
 40507 | Elf:3    | Identified the +5 hand axe "Zumuixki" {vorpal, rC+ Dex+3}
                  | (Trog gifted it to you on level 3 of the Elven Halls)
 40507 | Elf:3    | Received a gift from Trog
 40613 | Elf:3    | Identified the +4 quick blade of Liracu {elec, rN+}
 40624 | Elf:3    | Identified the +2 scimitar of the Well-Known Tables {venom,
                  | Will+ Str-5 Stlth+}
 40625 | Elf:3    | Identified the Almanac of Burning Arcane Weapons
 40627 | Elf:3    | Identified the +10 chain mail of Okhugay {rPois Stlth+}
 40639 | Elf:3    | Identified Easy Spellcraft
 40661 | Elf:3    | Found the +5 scythe "Finisher" {speed, eviscerate}
 40669 | Elf:3    | Found the +6 shillelagh "Devastator" {shatter}
 40776 | Elf:3    | Identified the ring of Honyt {Ice rElec Will+ Int+3 Dex-2}
 40793 | Elf:3    | Identified the +7 short sword "Luteur" {venom, Int+4}
 40874 | Elf:3    | Reached XP level 20. HP: 200/204 MP: 19/19
 40927 | Elf:3    | Reached XP level 21. HP: 211/211 MP: 20/20
 41252 | Elf:3    | Identified the +8 mace of the Iron City of Dis {vamp, Fly}
 41261 | Elf:3    | Identified the Collected Works on Enchantment
 41574 | D:14     | Found a gate to the Vaults.
 41752 | Vaults:1 | Entered Level 1 of the Vaults
 41928 | Vaults:1 | Found Jumode's General Store.
 42280 | Vaults:1 | Found a huge runed gate.
 42280 | Vaults:1 | Found a huge runed gate.
 42280 | Vaults:1 | Found a huge runed gate.
 42281 | Vaults:1 | Found a huge runed gate.
 42281 | Vaults:1 | Found a huge runed gate.
 42281 | Vaults:1 | Found a huge runed gate.
 42284 | Vaults:1 | Found a huge runed gate.
 42284 | Vaults:1 | Found a huge runed gate.
 42284 | Vaults:1 | Found a huge runed gate.
 42285 | Vaults:1 | Found a huge runed gate.
 42302 | Vaults:1 | Found a huge runed gate.
 42302 | Vaults:1 | Found a huge runed gate.
 42302 | Vaults:1 | Found a huge runed gate.
 42302 | Vaults:1 | Found a huge runed gate.
 42302 | Vaults:1 | Found a huge runed gate.
 42302 | Vaults:1 | Found a huge runed gate.
 42303 | Vaults:1 | Found a huge runed gate.
 42304 | Vaults:1 | Found a huge runed gate.
 42305 | Vaults:1 | Found a huge runed gate.
 42313 | Vaults:1 | Found a huge runed gate.
 42313 | Vaults:1 | Found a huge runed gate.
 42313 | Vaults:1 | Found a huge runed gate.
 42313 | Vaults:1 | Found a huge runed gate.
 42313 | Vaults:1 | Found a huge runed gate.
 42313 | Vaults:1 | Found a huge runed gate.
 42314 | Vaults:1 | Found a huge runed gate.
 42330 | Vaults:1 | Found a huge runed gate.
 42331 | Vaults:1 | Found a huge runed gate.
 42339 | Vaults:1 | Found a huge runed gate.
 42339 | Vaults:1 | Found a huge runed gate.
 42339 | Vaults:1 | Found a huge runed gate.
 42339 | Vaults:1 | Found a huge runed gate.
 42339 | Vaults:1 | Found a huge runed gate.
 42339 | Vaults:1 | Found a huge runed gate.
 42340 | Vaults:1 | Found a huge runed gate.
 42341 | Vaults:1 | Found a huge runed gate.
 42402 | Vaults:1 | Reached skill level 15 in Shields
 42409 | Vaults:1 | Received a gift from Trog
 42504 | Vaults:1 | Found Ommogi's Antique Armour Shop.
 42535 | Vaults:1 | Found Bieg's Armour Boutique.
 42789 | Vaults:1 | Found a gateway to a bazaar.
 43126 | Vaults:1 | Identified the +10 hunting sling of Yfuucoog {vorpal,
                  | Contam rElec rCorr Dex+2}
 43234 | Vaults:1 | Identified the amulet of Kuawnoem {Faith Rampage rElec rC+}
 43528 | Vaults:2 | Found Abaga's Armour Boutique.
 44273 | Vaults:2 | Found a staircase to the Crypt.
 44273 | Vaults:2 | Found an ancient bone altar of Kikubaaqudgha.
 44273 | Vaults:2 | Found a basalt altar of Yredelemnul.
 44574 | Vaults:2 | Received a gift from Trog
 44618 | Vaults:3 | Found a flickering gateway to a bazaar.
 44628 | Bazaar   | Entered a bazaar
 44628 | Bazaar   | Found Ynast's Antique Armour Shop.
 44638 | Bazaar   | Found Qyduadd's Jewellery Emporium.
 44646 | Bazaar   | Found Hiptezaj's Antique Weapon Shop.
 44663 | Bazaar   | Found Gysiep's Antique Armour Shop.
 44718 | Vaults:3 | Noticed Boris
 44753 | Vaults:3 | Killed Boris
 45070 | Vaults:3 | Reached XP level 22. HP: 132/224 MP: 21/21
 45699 | Vaults:3 | Found the +10 Black Knight's barding {ponderous, rPois rN+}
 45959 | Vaults:3 | Received a gift from Trog
 46683 | Vaults:4 | Noticed Mennas
 46707 | Vaults:4 | Killed Mennas
 46885 | Vaults:4 | Received a gift from Trog
 47341 | Vaults:4 | Noticed Aizul
 47366 | Vaults:4 | Killed Aizul
 47677 | Vaults:4 | Identified the Guide on Gliding Stones
 47726 | Vaults:4 | Identified the +7 hand axe of Outrage {vorpal, +Rage Int+4}
                  | (Trog gifted it to you on level 4 of the Vaults)
 47726 | Vaults:4 | Received a gift from Trog
 48097 | Vaults:4 | Found Cuczomae's Antique Armour Boutique.
 48121 | Vaults:4 | Noticed Margery
 48144 | Vaults:4 | Killed Margery
 48580 | Vaults:5 | Entered Level 5 of the Vaults
 48650 | Vaults:5 | Noticed Xtahua
 48662 | Vaults:4 | Reached XP level 23. HP: 178/234 MP: 22/22
 48900 | Vaults:4 | Killed Xtahua
 48987 | Vaults:5 | Received a gift from Trog
 49944 | Vaults:5 | Gained mutation: You sometimes lose the ability to read
                  | scrolls when taking damage. [a shining eye]
 49947 | Vaults:5 | Noticed a dread lich
 49953 | Vaults:5 | Identified the +7 glaive of Leijo {drain, Dex+6}
 50042 | Vaults:5 | Killed a dread lich
 50051 | Vaults:5 | Received a gift from Trog
 50701 | Vaults:5 | Gained mutation: You do not regenerate when monsters are
                  | visible. [a shining eye]
 50851 | Vaults:5 | Reached XP level 24. HP: 229/247 MP: 22/22
 51011 | Vaults:5 | Received a gift from Trog
 51300 | Vaults:5 | Found the ring of the Tortoise {AC+8}
 51405 | Vaults:5 | Got a silver rune of Zot
 51447 | Vaults:5 | Acquired 858 gold pieces
 52141 | Crypt:1  | Entered Level 1 of the Crypt
 52771 | Crypt:1  | Noticed Khufu
 52771 | Crypt:1  | Noticed a royal mummy
 52790 | Crypt:1  | Killed Khufu
 52795 | Crypt:1  | Killed a royal mummy
 53912 | Slime:1  | Entered Level 1 of the Pits of Slime
 53928 | Slime:1  | Gained mutation: Your flesh is cold resistant. (rC+) [a
                  | shining eye]
 53936 | Slime:1  | Lost mutation: You sometimes lose the ability to read
                  | scrolls when taking damage. [a shining eye]
 53938 | Slime:1  | Gained mutation: You sometimes lose the ability to read
                  | scrolls when taking damage. [a shining eye]
 53939 | Slime:1  | Gained mutation: Your mind is acute. (Int +2) [a shining
                  | eye]
 54194 | Slime:1  | Reached skill level 27 in Fighting
 54562 | Slime:3  | Noticed Dissolution
 54572 | Slime:3  | Killed Dissolution
 54836 | Slime:4  | Gained mutation: You are partially covered in iridescent
                  | scales. (AC +2) [a shining eye]
 54858 | Slime:4  | Received a gift from Trog
 55850 | Slime:5  | Entered Level 5 of the Pits of Slime
 55907 | Slime:5  | Lost mutation: Your mind is acute. (Int +2) [a shining eye]
 55948 | Slime:5  | Noticed the Royal Jelly
 55957 | Slime:5  | Killed the Royal Jelly
 56415 | Slime:5  | Reached XP level 25. HP: 231/257 MP: 22/22
 56558 | Slime:4  | Received a gift from Trog
 57133 | Slime:5  | Got a slimy rune of Zot
 57781 | Depths:1 | Entered Level 1 of the Depths
 57786 | Depths:1 | Noticed Boris
 57792 | Depths:1 | Killed Boris
 58029 | Depths:1 | Found a gateway to a ziggurat.
 58084 | Depths:1 | Found a one-way gate to the infinite horrors of the Abyss.
 58333 | Depths:1 | Noticed Saint Roka
 58348 | Depths:1 | Killed Saint Roka
 58540 | Depths:1 | Found a glowing silver altar of Zin.
 58879 | Depths:1 | Found a gateway to Hell.
 59027 | Depths:2 | Received a gift from Trog
 59748 | Depths:2 | Noticed a juggernaut
 59763 | Depths:2 | Killed a juggernaut
 60512 | Depths:2 | Received a gift from Trog
 60695 | Depths:2 | Identified the +6 glaive of the Wheel {speed, rElec rN+++
                  | Dex-2 Stlth+}
 60815 | Depths:2 | Reached XP level 26. HP: 247/266 MP: 22/22
 61253 | Depths:3 | Reached skill level 27 in Axes
 61378 | Depths:3 | Found a one-way gate leading to the halls of Pandemonium.
 61716 | Depths:3 | Received a gift from Trog
 61920 | Depths:3 | Noticed a dread lich
 61932 | Depths:3 | Killed a dread lich
 62471 | Depths:4 | Noticed Boris
 62490 | Depths:4 | Killed Boris
 62568 | Depths:4 | Reached skill level 27 in Armour
 62937 | Depths:4 | Found a transporter.
 63129 | Depths:4 | Found a radiant altar of Vehumet.
 63238 | Depths:5 | Entered Level 5 of the Depths
 63336 | Depths:5 | Received a gift from Trog
 63753 | Depths:5 | Found a gate to the Realm of Zot.
 64250 | Depths:5 | Reached XP level 27. HP: 268/273 MP: 22/22
 64583 | Depths:5 | Found a sacrificial altar of Ru.
 64705 | Depths:5 | Received a gift from Trog
 65089 | Zot:1    | Entered Level 1 of the Realm of Zot
 65089 | Zot:1    | Noticed a dread lich
 65097 | Zot:1    | Killed a dread lich
 65135 | Zot:1    | HP: 1/273 [Killer Klown/+9 club of flaming (22)]
 65140 | Zot:1    | HP: 6/273 [poisoned by a red draconian annihilator (poison
                  | arrow)]
 65142 | Zot:1    | Slain by a Killer Klown

Illustrated notes

Levels and vault maps discovered:
D:1:      ncdulo_halloftheorcs, layout_loops_ring
D:2:      kennysheep_six_static_rooms, layout_loops_ring,
          shapermc_ecumenical_altar_hornbeckon, uniq_natasha,
          uniq_crazy_yiuf_cottage
D:3:      minmay_chambers_of_twos, layout_basic, vehumet_altar_wand_db,
          overflow_temple_1_default, serial_shops, shop
D:4:      layout_loops_cross
D:5:      layout_cave_pools, uniq_duvessa
D:6:      wad_woods_pond, layout_basic, cheibrodos_worm_habitat,
          kennysheep_little_box
D:7:      layout_basic, minmay_temple_entry_mini_moons,
          ebering_ghost_disaster_area, uniq_joseph, uniq_prince_ribbit1,
          uniq_harold
D:8:      layout_basic, enter_bailey_5, grunt_ministairs_1,
          chequers_serial_rivers_small_a, uniq_psyche, uniq_maurice
D:9:      layout_rooms, erik_lair_orcish_takeover, gammafunk_ghost_mausoleum,
          special_room [special_room_orc], amcnicky_mini_pool_medium
D:10:     layout_big_octagon, lemuel_round_altar, minitemple, david_orc_4,
          st_stairs_10, fountainhead, chequers_serial_rivers_small_3,
          minmay_ruined_shrine
D:11:     layout_basic
D:12:     layout_basic, gammafunk_ghost_cemetery, uniq_fannar, uniq_josephine
D:13:     layout_irregular_city, gauntlet_entry_generic, gammafunk_ghost_icy,
          hangedman_decor_opposing, uniq_snorg
D:14:     layout_roguey [special_room_orc], grunt_vaults_entry_fortified,
          grunt_decor_junction
D:15:     hangedman_depths_entry_try_elsewhere_first, layout_stronghold,
          nicolae_qazlal_style_of_elements, minmay_mirror_moons_of_madness
Lair:1:   layout_chaotic_city
Lair:2:   layout_cave_shapes
Lair:3:   layout_cellular_growth, serial_bayou_shore_a, grunt_megastairs_4
Lair:4:   layout_long_grid, elwin_shoals_entry_stream,
          nicolae_spider_entry_orb_guardian, gammafunk_ghost_cemetery,
          lemuel_fruit_tree, infiniplex_staircase_pool_2
Lair:5:   layout_concentric_octagons, slime_altar_1, enter_volcano_2,
          serial_bayou_shore_b
Lair:6:   gammafunk_lair_ancient_temple, layout_big_grid,
          nicolae_quartered_pool_medium, eino_small_chamber_without_monster
Shoals:1: layout_shoals, serial_shops, shop, uniq_nikola
Shoals:2: layout_shoals, uniq_polyphemus, uniq_jorgrun, uniq_ilsuiw
Shoals:3: layout_shoals, uniq_donald
Shoals:4: shoals_end_hangedman, layout_shoals, portal_ice_cave_entry_dragon
Spider:1: gammafunk_its_a_trap, gammafunk_ghost_tricky_traps
Spider:2: layout_spider_delve, gammafunk_ghost_grave, uniq_asterion, uniq_agnes
Spider:3: nicolae_spider_hilbert_zone_1 [nicolae_spider_hilbert_4_sides_1_open,
          nicolae_spider_hilbert_4_sides_1_open,
          nicolae_spider_hilbert_4_sides_1_open,
          nicolae_spider_hilbert_4_sides_1_open,
          nicolae_spider_hilbert_3_sides_1_open,
          nicolae_spider_hilbert_3_sides_1_open,
          nicolae_spider_hilbert_3_sides_1_open,
          nicolae_spider_hilbert_3_sides_1_open,
          nicolae_spider_hilbert_3_sides_1_open,
          nicolae_spider_hilbert_6_sides_1_open,
          nicolae_spider_hilbert_6_sides_1_open,
          nicolae_spider_hilbert_3_sides_1_open,
          nicolae_spider_hilbert_3_sides_1_open,
          nicolae_spider_hilbert_3_sides_1_open,
          nicolae_spider_hilbert_3_sides_1_open,
          nicolae_spider_hilbert_2_sides_1_open]
Spider:4: spider_rune_water, uniq_kirke, uniq_arachne, uniq_louise, uniq_roxanne
Slime:1:  layout_caves
Slime:2:  layout_caves, basic_altar
Slime:3:  layout_caves, uniq_dissolution
Slime:4:  layout_caves, special_room [special_room_jelly],
          nicolae_slime_phagocytosis
Slime:5
Orc:1:    layout_caves, special_room [special_room_orc], uniq_nergalle
Orc:2:    st_orc_congregation, layout_caves
Elf:1:    minmay_elf_arrival_summoners, layout_rooms, basic_altar, minivault_28
Elf:2:    layout_loops_cross
Elf:3:    grunt_elf_hall_diamonds, layout_loops_corners, serial_shops, shop,
          nicolae_rare_books
Vaults:1: grunt_vaults_twisty, vaults_room_hallway,
          nicolae_vaults_little_squares_6, vaults_not_door_vault_mu,
          hangedman_vaults_maws, ontoclasm_vaults_loading_screen,
          hangedman_vaults_trim, nicolae_vaults_mini_display_case,
          layout_vaults_omnigrid, serial_shops, bzr_in_the_mist, shop, shop,
          shop
Vaults:2: vaults_room_fours, nicolae_vaults_diagonal_hallway_7,
          minmay_crypt_entry_necro_gods, v_pattern_3, v_rooms_3,
          v_alt_pattern_3, v_misc_24, st_octagons_1, grunt_vaults_diagonal,
          nicolae_vaults_yaktaur_gun_rack, v_misc_24, vaults_room_pool,
          dpeg_vaults_monster_box, ontoclasm_vaults_idyll,
          layout_vaults_maze_snakey, serial_shops, shop
Vaults:3: vaults_room_grid, vaults_standard_mumra_enter_the_diamond,
          serial_ice_g, vaults_room_boxed, hangedman_vaults_capsules,
          v_alt_pattern_6, ontoclasm_vaults_spin,
          nicolae_vaults_little_squares_4, nicolae_vaults_border_crossing,
          grunt_vaults_bifocal, layout_vaults_ring, serial_shops,
          bzr_entry_islet, uniq_boris
Vaults:4: hangedman_vaults_trim, hangedman_vaults_restitches, vaults_dpeg_cross,
          ontoclasm_vaults_chip, v_pattern_1, ontoclasm_vaults_bender,
          vaults_mumra_minichess_inversion, v_misc_23, hangedman_vaults_corner,
          layout_vaults_omnicross, serial_shops, shop_statue, uniq_aizul,
          uniq_margery, uniq_mennas
Vaults:5: uniq_xtahua
Crypt:1:  layout_misc_corridors, uniq_khufu
Depths:1: layout_roguey, enter_ziggurat_b, pf_hell_entry_tar_spiral,
          nicolae_abyss_entry_one_way_or_another,
          chequers_serial_rivers_small_a, zin_scriptorium, uniq_saint_roka
Depths:2: angbandy_vault, layout_cave_pools, ebering_dispersal_statue_hall,
          hell_entry
Depths:3: hangedman_crystal_crosses_colossus [crystal_crosses_arms_four,
          crystal_crosses_arms_four, crystal_crosses_arms_two,
          crystal_crosses_arms_two], hell_entry, pan_entry
Depths:4: gammafunk_sealed_library, layout_cave_pools,
          serial_sigils_hangedman_snap, hell_entry, abyss_entry
Depths:5: evilmike_zot_entry_diamond, layout_honeycomb,
          nicolae_ru_the_path_less_chosen, hellmouth_2, abyss_entry
Zot:1:    ebering_klown_carousel, layout_cellular_growth, door_vault

Skill      XL: |  1  2  3  4  5  6  7  8  9 10 11 12 13 14 15 16 17 18 19 20 21 22 23 24 25 26 27 |
---------------+----------------------------------------------------------------------------------+-----
Fighting       | 4 5 6 8 9 10 12 13 15 16 18 19 21 22 23 24 25 26 27 | 27.0
Axes           | 4 5 6 7 9 10 11 13 14 16 17 19 20 21 22 23 24 26 27 | 27.0
Armour         | 3 4 5 6 7 10 12 13 14 15 16 17 18 19 20 21 22 24 25 27 | 27.0
Dodging        | 3 4 5 6 |  6.5
Shields        | 1 2 4 5 6 8 11 14 16 18 19 20 23 24 | 24.1
Stealth        | 1 2 3 |  3.3
Crossbows      | 2 |  2.8
Evocations     | 1 2 |  2.2
Staves         | 1 2 |  2.0
Unarmed Combat | |  0.6

Action                   |  1- 3 |  4- 6 |  7- 9 | 10-12 | 13-15 | 16-18 | 19-21 | 22-24 | 25-27 || total
-------------------------+-------+-------+-------+-------+-------+-------+-------+-------+-------++-------
Melee: Hand axe          |    57 |   140 |       |    39 |       |   666 |   803 |   918 |       ||  2623
       Headbutt          |     4 |    29 |    29 |   106 |   200 |   336 |   258 |   449 |   234 ||  1645
       War axe           |       |    54 |   208 |   219 |       |       |       |       |       ||   481
       Battleaxe         |       |       |       |   212 |   933 |   515 |       |   190 |    33 ||  1883
       Quarterstaff      |       |       |       |     2 |    24 |       |       |       |       ||    26
       Executioner's axe |       |       |       |       |       |       |       |       |   649 ||   649
       Unarmed           |       |       |       |       |       |       |       |       |    20 ||    20
 Fire: Arbalest          |       |       |       |    35 |       |       |       |       |       ||    35
Invok: Berserk           |     2 |     6 |     7 |    19 |    15 |    12 |     3 |     8 |     4 ||    76
       Trog's Hand       |       |       |     4 |     1 |     6 |     4 |     1 |     1 |     2 ||    19
       Brothers in Arms  |       |       |       |     3 |     8 |     2 |     1 |     2 |     2 ||    18
Evoke: Wand              |       |       |     3 |    21 |     1 |       |       |       |     1 ||    26
       Condenser vane    |       |       |       |       |       |       |       |       |     1 ||     1
  Use: Scroll            |       |     4 |     3 |     9 |    11 |     6 |     1 |    13 |     2 ||    49
       Potion            |       |       |     3 |     1 |     5 |     2 |     3 |     2 |     8 ||    24
 Stab: Invisible         |       |     1 |       |       |       |       |       |       |       ||     1
       Petrified         |       |       |       |       |       |     4 |       |       |       ||     4
       Petrifying        |       |       |       |       |       |     1 |       |       |       ||     1
       Distracted        |       |       |       |       |       |     1 |       |       |     1 ||     2
Armor: Animal skin       |    14 |     2 |       |       |       |       |       |       |       ||    16
       Plate armour      |       |   114 |   108 |   322 |   691 |   518 |   145 |   167 |       ||  2065
       Skin              |       |     5 |    17 |       |       |       |       |       |     7 ||    29
       Gold dragon scale |       |       |       |       |       |       |       |   272 |   502 ||   774
Dodge: Dodged            |    32 |    71 |    60 |   224 |   485 |   619 |   239 |   314 |   277 ||  2321
Block: Buckler           |       |     7 |    35 |     6 |       |       |       |       |       ||    48
       Kite shield       |       |       |       |   175 |       |   613 |   564 |   880 |       ||  2232
       Other             |       |       |       |       |    11 |   100 |       |    19 |   105 ||   235
       Reflection        |       |       |       |       |       |    59 |    52 |    87 |     4 ||   202

Table legend: (Time is in decaauts)
 A = Elapsed time spent in this place.
 B = Non-inter-level travel time spent in this place.
 C = Inter-level travel time spent in this place.
 D = Time resting spent in this place.
 E = Time spent auto-exploring this place.
 F = Levels seen in this place.
 G = Mean time per level.
                   A        B        C        D        E       F      G
               +--------+--------+--------+--------+--------+-----+--------+
         Total |  65025 |  60602 |   4423 |   8610 |  41344 |  56 | 1161.2 |
       Dungeon |  18081 |  16375 |   1706 |   1411 |  12227 |  15 | 1205.4 |
          Lair |   5847 |   4948 |    899 |    245 |   3699 |   6 |  974.5 |
        Shoals |   5392 |   5148 |    244 |    516 |   3707 |   4 | 1348.0 |
   Spider Nest |   5447 |   5123 |    324 |   1200 |   3053 |   4 | 1361.8 |
    Slime Pits |   3592 |   3426 |    166 |   1115 |   1950 |   5 |  718.4 |
  Orcish Mines |   1692 |   1566 |    126 |     32 |   1019 |   2 |  846.0 |
   Elven Halls |   3655 |   3403 |    252 |    247 |   2420 |   3 | 1218.3 |
        Vaults |  10023 |   9576 |    447 |   1396 |   6604 |   5 | 2004.6 |
         Crypt |   1407 |   1356 |     51 |    698 |    530 |   1 | 1407.0 |
        Depths |   7153 |   6949 |    204 |    513 |   5476 |   5 | 1430.6 |
           Zot |     37 |     37 |      0 |      0 |      0 |   1 |   37.0 |
        Bazaar |     51 |     51 |      0 |      0 |     42 |   1 |   51.0 |
        Bailey |   1562 |   1562 |      0 |    978 |    316 |   1 | 1562.0 |
      Ice Cave |    423 |    423 |      0 |    220 |     38 |   1 |  423.0 |
       Volcano |    337 |    337 |      0 |     37 |     99 |   1 |  337.0 |
      Gauntlet |    319 |    319 |      0 |      0 |    162 |   1 |  319.0 |
               +--------+--------+--------+--------+--------+-----+--------+

Top non-repeatable levels by time:
Vaults:4: 3963 daAuts
Spider:3: 2307 daAuts
Shoals:4: 2087 daAuts
 Slime:4: 1948 daAuts
Depths:2: 1930 daAuts
Vaults:3: 1685 daAuts
     D:6: 1612 daAuts
Depths:5: 1590 daAuts
  Bailey: 1562 daAuts
   Elf:2: 1560 daAuts
Vaults:1: 1556 daAuts
    D:10: 1549 daAuts
Vaults:5: 1500 daAuts
     D:2: 1496 daAuts
Depths:3: 1425 daAuts
